 Dungeon Crawl Stone Soup version 0.30.0-20-g3615ddf2f0 (webtiles) character file.

Game seed: 18199174919949185896

123 qw the Chopper (level 5, -4/32 HPs)
             Began as a Gargoyle Fighter on May 29, 2023.
             Slain by Grinder (5 damage)
             ... on level 3 of the Dungeon.
             The game lasted 00:00:59 (1808 turns).

qw the Chopper (Gargoyle Fighter)                   Turns: 1808, Time: 00:00:59

Health: -4/32      AC:  7    Str: 21    XL:     5   Next: 7%
Magic:  5/5        EV: 17    Int:  9    God:
Gold:   92         SH:  0    Dex:  9    Spells: 4/4 levels left

rFire   + + .        Y - melded +0 war axe
rCold   + + .        c - melded +0 buckler
rNeg    + + +        e - melded +0 chain mail
rPois   inf          (helmet currently unavailable)
rElec   +            (cloak currently unavailable)
rCorr   +            (gloves currently unavailable)
SInv    .            (boots currently unavailable)
Will    .....        (amulet currently unavailable)
Stlth   +            (ring currently unavailable)
HPRegen 0.25/turn    (ring currently unavailable)
MPRegen 0.09/turn

%: no passive effects
@: wisp-form, flying
A: insubstantial, flying, no casting, sickness immunity, AC +4, tiny, negative
energy resistance 1, (electricity resistance), torment resistance 1,
petrification resistance
a: no special abilities


You were on level 3 of the Dungeon.
You were an insubstantial wisp.
You visited 1 branch of the dungeon, and saw 5 of its levels.

You collected 92 gold pieces.


Innate Abilities, Weirdness & Mutations

You are an insubstantial wisp.
Your tiny insubstantial body is highly resistant to most damage types.
You are flying.
Your equipment is entirely melded.
You are incapable of wielding weapons or throwing items.
You cannot cast spells.
You are immune to sickness and miasma.
((Your stone body is resilient. (AC +4)))
You are immune to poison.
You resist negative energy. (rN+)
((You are resistant to electric shocks. (rElec)))
You are resistant to unholy torment.
You are immune to petrification.


   Skills:
 - Level 3.2 Fighting
 - Level 4.4 Axes
 + Level 0.8 Throwing
 - Level 3.2 Armour
 - Level 3.2 Shields


You had 4 spell levels left.
You didn't know any spells.
Your spell library was empty.

Inventory:

Hand Weapons
 f - a +0 club
 Y - a +0 war axe (melded)
Missiles
 j - 3 javelins
Armour
 c - a +0 buckler (melded)
 e - a +0 chain mail (melded)
Scrolls
 a - a scroll of identify
Potions
 b - a potion of mutation {unknown}
 d - 2 potions of might
 g - 2 potions of attraction
 h - a potion of lignification {unknown}
 i - a potion of invisibility {unknown}

Dungeon Overview and Level Annotations

Branches:
Dungeon (5/15)
 Temple: D:4-7

Altars:

Shops:
D:4 [

Annotations:
D:3 Grinder


Message History

Grinder is heavily wounded.
Grinder hits you.
You writhe in agony.
You closely miss Grinder.
Grinder is heavily wounded.
Grinder grins, showing sharp teeth.
Grinder hits you but does no damage.
Grinder zaps a wand.
You turn into an insubstantial wisp.
Your +0 war axe melds into your body.
Your +0 buckler melds into your body.
Your +0 chain mail melds into your body.
You touch Grinder.
Grinder is severely wounded.
Grinder blinks!
Grinder gestures at you.
You suddenly lose the ability to move!
Grinder hits you!
You can move again.
You barely miss Grinder.
Grinder is severely wounded.
You touch Grinder but do no damage.
Grinder is severely wounded.
Grinder says, "You look like you could use a good racking."
Grinder blinks!
Enter note:
Enter note:
Found a grey potion.
Grinder gestures at you. You resist with significant effort.
Enter note:
Enter note: You touch Grinder.
Grinder is severely wounded.
Grinder gestures at you.
You suddenly lose the ability to move!
Grinder hits you! Grinder barely misses you.
You can move again.
You barely miss Grinder.
Grinder is severely wounded.
Grinder hits you.
You die...

... #...#.#.....##. .(..
#)..#.#...####.
.(..#######...#.#.#.###..
......).........#.......#
......).........#...#####
...#..))........#...# .
#.........##...#+###
#..........#.......#
#....v.....>.......#
#....5....##.......#
#...........##.......#
#......#####........[#
#...... #......####
#...... #......# #......
#......# #....!. #......#
#......#


You could see Grinder.

Vanquished Creatures
  A hound (D:4)
  A sleepcap (D:4)
  2 worms (D:2)
  2 dart slugs (D:2)
  5 orcs
  8 endoplasms
  A giant cockroach (D:2)
  4 goblins
  3 hobgoblins
  4 jackals
  3 kobolds
  3 quokkas
  5 ball pythons
  6 bats
  2 frilled lizards (D:1)
50 creatures vanquished.

Notes
Turn   | Place    | Note
-------+----------+-------------------------------------------
     0 | D:1      | qw the Gargoyle Fighter began the quest for the Orb.
     0 | D:1      | Reached XP level 1. HP: 14/14 MP: 1/1
     0 | D:1      | 0 ||| qw: Version: 0.2-a-101-gf424e7f
     0 | D:1      | 0 ||| qw: Game counter: 309
     0 | D:1      | 0 ||| qw: Always use a shield: true
     0 | D:1      | 0 ||| qw: God list: Okawaru
     0 | D:1      | 0 ||| qw: Allow faded altars: false
     0 | D:1      | 0 ||| qw: Do Orc after D:15 true
     0 | D:1      | 0 ||| qw: Do second Lair branch before Depths: true
     0 | D:1      | 0 ||| qw: Lair rune preference: random
     0 | D:1      | 0 ||| qw: Plans: Normal, Zot:1-4, Slime:5, God:TSO, Crypt,
                  | Tomb, Pan, Hells, Abyss, Win
     0 | D:1      | 0 ||| PLANNING D:1-11
   124 | D:1      | Reached skill level 2 in Axes
   270 | D:1      | Reached XP level 2. HP: 17/19 MP: 2/2
   271 | D:1      | 271 ||| FLEEEEING.
   922 | D:1      | 922 ||| UPGRADING to +0 chain mail.
   932 | D:1      | 932 ||| DROPPING +0 scale mail.
   933 | D:1      | 933 ||| DRINKING 2 bubbling dark potions.
  1107 | D:2      | Reached skill level 3 in Axes
  1115 | D:2      | 1115 ||| Stepping ~*~*~tactically~*~*~ (hiding).
  1117 | D:2      | 1117 ||| Stepping ~*~*~tactically~*~*~ (stealth).
  1129 | D:2      | Reached XP level 3. HP: 23/23 MP: 3/3
  1308 | D:2      | 1308 ||| Stepping ~*~*~tactically~*~*~ (stealth).
  1482 | D:2      | 1482 ||| READING scroll labelled HAPI ITILONI.
  1485 | D:2      | 1485 ||| READING scroll labelled TUOTYT BOABIODDA.
  1486 | D:2      | 1486 ||| READING scroll labelled MEZOCH RIELOGU.
  1487 | D:2      | 1487 ||| READING scroll labelled EPNEGU MAFISO.
  1591 | D:3      | You fall into a shaft and drop 2 floors!
  1591 | D:5      | Entered Level 5 of the Dungeon
  1603 | D:4      | Found Miotum's Antique Armour Shop.
  1618 | D:4      | 1618 ||| SHOPLISTING cloak (130 gold, have 92).
  1618 | D:4      | 1618 ||| SHOPLISTING runed ring mail (203 gold, have 92).
  1666 | D:4      | 1666 ||| Stepping ~*~*~tactically~*~*~ (stealth).
  1667 | D:4      | 1667 ||| Stepping ~*~*~tactically~*~*~ (stealth).
  1686 | D:4      | 1686 ||| Stepping ~*~*~tactically~*~*~ (stealth).
  1687 | D:4      | 1687 ||| Stepping ~*~*~tactically~*~*~ (stealth).
  1702 | D:4      | Reached skill level 4 in Axes
  1702 | D:4      | Reached XP level 4. HP: 28/28 MP: 4/4
  1721 | D:4      | 1721 ||| READING 2 scrolls labelled FYNOXO VITI.
  1746 | D:3      | 1746 ||| Stepping ~*~*~tactically~*~*~ (stealth).
  1751 | D:3      | Noticed Grinder
  1754 | D:3      | Paralysed by Grinder for 3 turns
  1755 | D:3      | Reached XP level 5. HP: 27/32 MP: 5/5
  1761 | D:3      | 1761 ||| FLEEEEING.
  1762 | D:3      | 1762 ||| FLEEEEING.
  1798 | D:3      | Paralysed by Grinder for 3 turns
  1800 | D:3      | HP: 8/32 [Grinder (7)]
  1805 | D:3      | Paralysed by Grinder for 2 turns
  1806 | D:3      | HP: 1/32 [Grinder (9)]
  1808 | D:3      | Slain by Grinder

Levels and vault maps discovered:
D:1:      mrwooster_arrival_statue, layout_basic, minmay_crystal_room,
          glass_columns_c, fountainhead, kennysheep_flooded_box, st_stairs_6
D:2:      layout_basic, minmay_misc_feat_enclosed
D:3:      layout_basic, shapermc_ecumenical_altar_notcrosses, uniq_jessica,
          uniq_grinder
D:4:      layout_gridville, minmay_temple_entry_glassed_door, serial_shops,
          nicolae_shop_tiny_statue_garden
D:5:      layout_basic, mainiacjoe_overflow_swirl, lemuel_flame_loot_1,
          uniq_eustachio

Skill      XL: |  1  2  3 |
---------------+----------+-----
Axes           | 2 3 4 |  4.4
Fighting       | |  3.2
Throwing       | |  0.8
Armour         | |  3.2
Shields        | |  3.2

Action                     |  1- 3 |  4- 6 || total
---------------------------+-------+-------++-------
  Melee: War axe           |   115 |    25 ||   140
         Unarmed           |       |     5 ||     5
  Throw: Javelin           |       |     3 ||     3
    Use: Potion            |     1 |       ||     1
         Scroll            |     4 |     1 ||     5
 Armour: Scale mail        |     9 |       ||     9
         Chain mail        |    46 |    15 ||    61
         Skin              |       |     3 ||     3
  Dodge: Dodged            |    38 |     6 ||    44
  Block: Buckler           |    25 |     2 ||    27

Table legend:
 A = Non-vault XP
 B = Vault XP
 C = Vault XP percentage of total XP
 D = Non-vault monster count
 E = Vault monster count
 F = Vault count percentage of total count
                 A         B        C        D         E       F
            +---------+---------+-------+---------+---------+-------
      Total |     174 |       2 |   1.1 |      49 |       1 |   2.0
            +---------+---------+-------+---------+---------+-------
        D:1 |      19 |       2 |   9.5 |      12 |       1 |   7.7
        D:2 |      43 |       0 |   0.0 |      19 |       0 |   0.0
        D:3 |      25 |       0 |   0.0 |      11 |       0 |   0.0
        D:4 |      87 |       0 |   0.0 |       7 |       0 |   0.0
            +---------+---------+-------+---------+---------+-------
